Map: Romanticide LE

Players

ByuN

  • Race: Terran Terran
  • Spawn Location: 11:00

TYTY (TY) - Winner!

  • Race: Terran Terran
  • Spawn Location: 5:00

Event: IEM Katowice 2021

VOD

Have the link to the VOD?

Description

Time

  • Played on: Feb. 22, 2021, 1:15 p.m.
  • Length: 20:25

All games in this series

Show
View Real Time Build Order
Export as new Build Order

ByuN Terran 

Build Orders:  

Get SALT Encoding   

  12  0:00  SCV  
  13  0:12  SCV  
  14  0:17  Supply Depot  
  14  0:24  SCV  
  15  0:38  SCV  
  15  0:40  Barracks  
  15  0:42  Refinery  
  16  0:50  SCV  
  16  0:52  Refinery  
  17  1:03  SCV  
  18  1:15  SCV  
  19  1:27  Reaper, Orbital Command  
  19  1:29  Supply Depot  
  20  1:42  Factory  
  20  1:53  SCV  
  21  1:59  Reaper  
  22  2:05  SCV  
  23  2:17  SCV  
  23  2:21  Command Center  
  24  2:29  SCV  
  25  2:30  Hellion  
  25  2:33  Barracks Reactor  
  27  2:41  SCV  
  28  2:45  Starport  
  28  2:52  Supply Depot  
  28  2:54  Factory Tech Lab  
  28  2:55  SCV  
  29  3:08  SCV  
  31  3:14  Cyclone, Marine x2  
  35  3:20  SCV  
  35  3:22  Medivac  
  38  3:31  Supply Depot  
  39  3:38  SCV  
  39  3:44  Marine x2  
  39  3:45  Orbital Command  
  39  3:47  Refinery  
  41  3:51  Cyclone  
  41  3:53  Starport Tech Lab  
  44  3:56  SCV  
  45  4:08  Marine x2  
  47  4:11  SCV  
  47  4:12  SCV  
  47  4:20  Raven  
  47  4:23  SCV  
  50  4:24  SCV  
  51  4:35  SCV, Siege Tank  
  51  4:36  SCV  
  56  4:38  Command Center  
  56  4:43  Supply Depot  
  56  4:46  Marine x2  
  56  4:47  SCV  
  56  4:50  SCV  
  61  5:00  SCV  
  61  5:02  SCV  
  61  5:05  Supply Depot  
  62  5:11  Starport Reactor  
  62  5:13  SCV, Barracks  
  63  5:14  SCV  
  63  5:16  Stimpack, Barracks, Marine  
  65  5:22  Siege Tank  
  65  5:27  SCV x2  
  70  5:37  Marine  
  70  5:38  Engineering Bay x2  
  70  5:40  SCV x2  
  73  5:49  Supply Depot  
  73  5:50  Refinery  
  73  5:51  Orbital Command  
  73  5:53  SCV x2  
  73  5:55  Marine  
  76  5:58  Starport Reactor, Siege Tank  
  76  6:01  Marine x2  
  81  6:06  Terran Infantry Weapons Level 1, Terran Infantry Armor Level 1  
  81  6:09  SCV x2  
  83  6:12  Orbital Command  
  83  6:13  Marine x2  
  85  6:21  SCV x2  
  87  6:26  Marine x2  
  87  6:27  Supply Depot, Marine  
  87  6:31  Marine x2  
  92  6:33  SCV  
  92  6:34  SCV  
  92  6:36  Barracks  
  92  6:38  Barracks  
  94  6:44  Marine x3  
  94  6:45  SCV x2  
  94  6:46  SCV  
  100  6:49  Marine  
  100  6:51  Supply Depot  
  100  6:52  Medivac  
  100  6:54  Medivac  
  105  6:55  Supply Depot  
  105  6:57  SCV x2  
  105  6:58  SCV  
  108  7:09  SCV  
  108  7:10  Refinery  
  108  7:11  Refinery  
  108  7:12  SCV x2  
  108  7:13  Armory  
  110  7:20  Combat Shield  
  110  7:21  SCV  
  110  7:22  Medivac, Marine x3  
  114  7:24  Medivac, SCV x2  
  114  7:25  Barracks Reactor x2  
  120  7:33  SCV  
  120  7:36  SCV, Supply Depot  
  120  7:37  SCV  
  123  7:39  Missile Turret  
  123  7:40  Marine  
  123  7:42  Marine  
  125  7:51  SCV x2, Marine x3, Supply Depot, Siege Tank  
  130  7:52  Supply Depot  
  129  7:58  Marine  
  129  7:59  Marine  
  129  8:01  Marine x4  
  129  8:02  Medivac x2  
  139  8:09  Marine x2  
  139  8:12  Marine  
  142  8:15  Sensor Tower  
  142  8:16  Marine  
  142  8:17  Marine  
  142  8:19  Marine x4  
  148  8:20  Terran Infantry Weapons Level 2  
  148  8:22  Terran Infantry Armor Level 2  
  148  8:25  Terran Vehicle Weapons Level 1  
  148  8:26  Marine x2  
  150  8:32  Supply Depot  
  150  8:34  Marine, Supply Depot  
  148  8:35  Marine, Supply Depot x2, Siege Tank  
  148  8:37  Marine x2  
  148  8:39  Marine x2  
  156  8:44  Marine x2  
  156  8:46  Factory  
  157  8:52  Barracks Reactor  
  157  8:53  Marine  
  158  9:04  Supply Depot  
  158  9:05  Marine x7  
  158  9:06  Command Center  
  163  9:11  Marine  
  164  9:22  Medivac x2, Marine, Siege Tank  
  164  9:23  Marine x5  
  177  9:27  SCV x3  
  177  9:40  Marine  
  177  9:41  Marine  
  177  9:42  Marine x3, Siege Tank  
  179  9:54  Siege Tank  
  179  9:58  Medivac x2  
  186  10:00  Marine  
  186  10:01  Marine x8  
  186  10:02  Marine  
  186  10:05  SCV  
  197  10:09  Supply Depot  
  197  10:20  SCV x2, Marine  
  197  10:28  Siege Tank  
  199  10:32  Marine, Siege Tank  
  199  10:36  Marine  
  200  10:44  Marine x2, Planetary Fortress  
  196  10:50  Marine  
  196  10:51  Marine  
  196  10:55  Marine  
  196  10:56  Marine x5  
  183  11:01  Marine  
  183  11:02  SCV x2  
  183  11:04  Marine  
  183  11:07  SCV  
  183  11:08  Terran Infantry Weapons Level 3, Terran Infantry Armor Level 3  
  164  11:13  Marine x3  
  164  11:14  SCV x2  
  164  11:16  Marine x5  
  164  11:17  Siege Tank x2  
  174  11:19  SCV, Marine  
  174  11:22  Marine  
  174  11:31  Marine x3  
  171  11:33  Marine  
  171  11:34  Marine x3  
  171  11:36  Medivac x2, Marine  
  171  11:37  Marine  
  181  11:40  Marine  
  181  11:41  Sensor Tower  
  181  11:43  Terran Vehicle Weapons Level 2  
  182  11:49  Marine x3, Siege Tank x2  
  182  11:51  Marine  
  182  11:53  Marine x3  
  195  11:54  Marine  
  195  11:55  Marine  
  195  11:58  Marine  
  198  12:02  Missile Turret  
  198  12:06  Medivac  
  200  12:11  Marine  
  200  12:12  Marine  
  200  12:13  Marine x5  
  197  12:19  Marine x3  
  199  12:29  Marine, Siege Tank  
  178  12:35  Marine x5  
  178  12:36  Siege Tank  
  178  12:37  Medivac x2  
  182  12:42  Marine x4  
  185  12:46  Marine  
  185  12:47  Barracks x3  
  183  12:53  Marine x5  
  188  13:00  Marine x4  
  188  13:01  Siege Tank  
  188  13:04  Marine  
  196  13:07  Medivac x2  
  196  13:12  Command Center  
  200  13:32  Command Center  
  199  13:37  Marine x6  
  199  13:39  Marine  
  199  13:40  Marine x4  
  199  13:41  Siege Tank  
  199  13:45  Marine  
  196  13:49  Marine  
  196  13:54  Siege Tank  
  196  13:55  Marine x4  
  189  13:58  Marine  
  189  13:59  Marine x4  
  189  14:00  Marine x2  
  189  14:02  Marine  
  191  14:07  Marine  
  193  14:12  Marine  
  193  14:13  Marine x3, Siege Tank  
  193  14:16  Marine  
  193  14:17  Marine x4  
  193  14:19  Medivac  
  196  14:26  Siege Tank  
  196  14:27  Medivac  
  196  14:28  Marine x2  
  196  14:29  Marine x2  
  196  14:30  Marine  
  192  14:41  Marine x4  
  192  14:42  Marine x2  
  198  14:47  Marine x2, Refinery  
  198  14:49  Refinery  
  200  14:58  Siege Tank  
  197  15:00  Siege Tank  
  197  15:06  Marine  
  181  15:14  Marine  
  181  15:15  Marine x2  
  181  15:17  Medivac x2  
  181  15:19  Marine x7  
  174  15:28  Marine x3  
  171  15:30  Siege Tank  
  171  15:32  Marine x2, Siege Tank  
  171  15:33  Marine  
  168  15:37  Marine x7  
  168  15:42  Refinery x2  
  175  15:45  Marine  
  175  15:46  Marine  
  175  15:47  Medivac x2, Marine  
  179  15:50  Marine x2  
  179  15:51  Marine  
  179  15:55  Marine x4  
  179  15:56  Marine x3  
  159  16:02  Siege Tank  
  159  16:03  Marine  
  159  16:04  Marine, Siege Tank  
  160  16:06  Marine  
  160  16:08  Marine x2  
  160  16:09  Marine  
  160  16:10  Terran Vehicle Weapons Level 3  
  167  16:12  Marine  
  167  16:13  Marine x3  
  167  16:14  Marine x3  
  174  16:19  Engineering Bay, Orbital Command  
  174  16:21  Marine x2  
  174  16:24  Marine  
  177  16:26  Marine x2  
  177  16:27  Marine  
  177  16:30  Marine  
  177  16:31  Marine x3  
  177  16:32  Marine  
  181  16:34  Siege Tank  
  181  16:36  Siege Tank  
  185  16:41  Marine x4  
  185  16:42  Marine  
  185  16:43  Marine  
  188  16:47  Medivac x2  
  188  16:51  Marine  
  188  16:53  Marine  
  188  16:54  Marine x5  
  188  16:58  Marine  
  188  16:59  Marine  
  195  17:06  Siege Tank  
  196  17:18  Marine x6  
  196  17:19  Marine x4  
  196  17:22  Siege Tank  
  186  17:25  Marine  
  186  17:27  Marine x2  
  189  17:36  Marine x4  
  189  17:38  Siege Tank  
  189  17:39  Marine  
  189  17:42  Marine x5  
  174  17:47  Marine x3  
  172  17:54  Marine x4, Siege Tank  
  172  17:57  Marine  
  179  18:00  Marine  
  179  18:01  Marine  
  179  18:03  Marine  
  179  18:04  Marine  
  179  18:05  Marine x2  
  171  18:07  Marine  
  171  18:11  Siege Tank  
  171  18:13  Marine  
  171  18:15  Marine x2  
  171  18:16  Marine x3  
  167  18:25  Marine  
  167  18:26  Marine x2, Siege Tank  
  170  18:32  Marine x3  
  172  18:41  Medivac x2  
  176  18:43  Siege Tank  
  176  18:44  Marine x2  
  176  18:45  Marine x6  
  187  18:54  Marine x2  
  186  18:59  Marine x2  
  186  19:02  Marine  
  165  19:05  Marine  
  165  19:07  Marine  
  165  19:08  Marine x4, Orbital Command  
  169  19:12  Medivac  
  169  19:16  Marine  
  172  19:22  Marine x3  
  173  19:25  Marine  
  173  19:37  Marine x5  
  169  19:41  Marine  
Show
View Real Time Build Order
Export as new Build Order

TYTY Terran - Winner!

Build Orders: Gas First Reaper Expand 

Get SALT Encoding   

  12  0:00  SCV  
  13  0:12  SCV  
  14  0:18  Supply Depot  
  14  0:24  SCV  
  14  0:28  Refinery  
  15  0:40  SCV  
  16  0:43  Barracks  
  16  0:52  SCV  
  17  1:04  SCV  
  18  1:16  SCV  
  19  1:30  Reaper, Orbital Command  
  20  1:54  Command Center  
  20  1:58  SCV  
  20  1:59  Factory  
  21  2:07  Reaper  
  22  2:09  Supply Depot  
  22  2:14  SCV  
  23  2:30  SCV  
  24  2:42  SCV  
  26  2:45  Factory Tech Lab  
  26  2:47  Command Center  
  26  2:48  Barracks Reactor  
  24  2:54  SCV  
  25  2:59  Refinery  
  25  3:06  Orbital Command  
  25  3:12  Cyclone  
  28  3:14  SCV  
  29  3:21  Orbital Command  
  29  3:24  Marine x2  
  29  3:26  SCV  
  32  3:37  Starport  
  32  3:38  SCV  
  33  3:41  Marine x2  
  33  3:44  Widow Mine  
  33  3:47  SCV  
  38  3:50  SCV  
  39  3:59  SCV, Marine x2  
  42  4:03  SCV  
  42  4:04  Refinery, Orbital Command  
  43  4:11  SCV  
  43  4:15  SCV  
  45  4:17  Marine x2  
  45  4:18  Raven  
  45  4:23  SCV, Factory Tech Lab  
  49  4:27  SCV  
  50  4:35  Marine x2  
  50  4:37  SCV x2  
  54  4:43  SCV  
  54  4:44  Supply Depot, Siege Tank  
  58  4:47  Refinery  
  58  4:49  SCV  
  58  4:50  SCV  
  60  4:53  Marine  
  61  5:00  Supply Depot x2  
  61  5:05  Marine  
  61  5:06  Raven, SCV x3  
  67  5:10  Marine  
  67  5:14  Orbital Command  
  67  5:18  SCV  
  67  5:20  SCV  
  69  5:21  Siege Tank  
  69  5:23  Marine  
  69  5:25  Supply Depot x2  
  73  5:28  Marine  
  73  5:32  SCV  
  73  5:33  SCV  
  73  5:34  Barracks  
  75  5:38  Barracks  
  75  5:40  SCV  
  77  5:44  SCV  
  77  5:45  SCV  
  77  5:47  Supply Depot  
  79  5:53  Siege Tank  
  79  5:54  SCV  
  82  5:57  Viking x2  
  82  5:58  Marine  
  82  6:00  Stimpack  
  82  6:01  SCV x2  
  89  6:09  Engineering Bay x2  
  90  6:13  SCV x2  
  90  6:16  Marine  
  92  6:19  SCV  
  92  6:22  Barracks Reactor  
  92  6:24  Barracks Reactor  
  93  6:25  Siege Tank  
  93  6:28  SCV  
  93  6:29  SCV, Refinery  
  93  6:30  Refinery, Viking x2  
  102  6:33  Supply Depot  
  102  6:35  Supply Depot  
  102  6:36  SCV  
  102  6:39  Marine  
  103  6:40  SCV  
  103  6:42  SCV  
  105  6:49  Terran Infantry Weapons Level 1  
  105  6:50  SCV  
  105  6:52  SCV  
  105  6:53  Terran Infantry Armor Level 1  
  108  6:54  SCV  
  108  6:57  Barracks x2  
  108  7:02  SCV  
  108  7:03  Siege Tank  
  108  7:04  SCV  
  112  7:09  Marine  
  112  7:10  Marine x4  
  112  7:11  Sensor Tower  
  112  7:14  SCV x2  
  119  7:16  SCV  
  118  7:24  Command Center  
  118  7:27  Marine  
  122  7:32  Supply Depot  
  122  7:33  Supply Depot  
  122  7:35  Siege Tank  
  125  7:38  Medivac  
  125  7:42  Armory  
  125  7:43  Combat Shield  
  125  7:44  Barracks Reactor x2  
  124  7:47  SCV, Missile Turret  
  125  7:53  Marine x4  
  125  7:54  Medivac, SCV x2  
  129  8:01  Marine  
  129  8:11  Marine x4  
  132  8:14  Medivac  
  132  8:18  Siege Tank  
  132  8:19  Marine  
  138  8:21  Marine x3  
  138  8:23  Supply Depot x2  
  138  8:24  Supply Depot  
  141  8:28  Missile Turret  
  141  8:32  Missile Turret  
  141  8:35  Marine x5  
  141  8:37  Marine, Sensor Tower  
  141  8:40  Marine x2  
  141  8:41  Marine  
  149  8:45  Medivac  
  151  8:49  SCV x2  
  151  8:50  Siege Tank  
  151  8:51  SCV  
  151  8:53  Marine x3  
  159  8:56  Planetary Fortress  
  159  9:00  Terran Infantry Armor Level 2, Terran Infantry Weapons Level 2  
  159  9:01  Terran Vehicle Weapons Level 1  
  159  9:05  Supply Depot, Marine, Factory  
  159  9:07  Marine x2  
  159  9:08  Marine  
  159  9:09  Marine  
  164  9:11  Marine  
  164  9:12  Barracks Reactor  
  167  9:17  Liberator  
  167  9:21  Liberator  
  171  9:27  Marine x4  
  171  9:30  SCV x2  
  171  9:31  SCV  
  177  9:32  Refinery  
  177  9:33  Supply Depot, Refinery  
  177  9:34  Marine x2, Supply Depot  
  178  9:39  Marine x2  
  178  9:44  Marine  
  178  9:45  Marine  
  181  9:53  Marine x3, Missile Turret  
  181  9:54  Marine  
  181  9:55  Siege Tank  
  181  9:56  Siege Tank  
  191  10:04  Missile Turret  
  191  10:06  Marine x5  
  196  10:09  Starport  
  196  10:10  Starport x2  
  196  10:19  Marine  
  196  10:20  Marine x3  
  196  10:22  Marine  
  196  10:23  Marine  
  196  10:24  Marine x2  
  195  10:31  Viking  
  195  10:34  Siege Tank  
  195  10:35  Marine  
  196  10:47  Marine  
  196  10:48  SCV  
  196  10:51  Marine  
  196  10:54  Marine x3  
  196  10:55  SCV, Marine x2  
  196  11:01  Marine  
  196  11:02  SCV  
  196  11:06  Viking  
  196  11:07  Siege Tank  
  196  11:08  Siege Tank  
  189  11:11  Marine  
  189  11:12  Liberator, Marine x5  
  189  11:17  SCV  
  189  11:18  Starport Tech Lab x2  
  196  11:19  Starport Tech Lab, SCV x2  
  196  11:23  Refinery  
  195  11:31  Marine  
  195  11:32  Command Center  
  196  11:37  Supply Depot  
  196  11:49  Marine  
  196  11:50  Raven  
  196  11:51  Raven  
  196  11:54  Terran Infantry Weapons Level 3  
  196  11:59  Raven, Missile Turret x2  
  196  12:00  Missile Turret  
  198  12:01  Sensor Tower  
  198  12:02  Missile Turret  
  198  12:07  Orbital Command  
  198  12:12  Marine x3  
  191  12:27  SCV  
  191  12:28  SCV  
  180  12:45  Command Center  
  180  12:49  Marine  
  180  12:51  Marine  
  180  12:55  Starport Tech Lab  
  180  12:58  Command Center  
  180  13:05  Missile Turret  
  180  13:06  Supply Depot x2, Missile Turret, Terran Infantry Armor Level 3  
  180  13:07  Supply Depot, Missile Turret  
  180  13:17  Sensor Tower  
  180  13:27  SCV x2, Siege Tank x2  
  180  13:28  Raven x2, Marine x4, Viking x2  
  200  13:37  Marine x3  
  200  13:38  Marine x3  
  200  13:39  SCV  
  198  13:46  Marine  
  192  13:52  Raven  
  173  13:55  Marine  
  173  13:56  Marine x3  
  173  13:58  Marine x2  
  173  13:59  Marine x2  
  173  14:02  Siege Tank x2  
  170  14:04  Marine  
  170  14:05  Command Center, Marine  
  170  14:06  Command Center  
  170  14:07  Medivac x2  
  174  14:11  Raven  
  174  14:13  Marine x3  
  174  14:14  Marine  
  174  14:15  SCV x4  
  174  14:16  Marine  
  180  14:20  Raven  
  173  14:26  Marine x3  
  173  14:27  Marine x2  
  166  14:35  Raven, Marine  
  169  14:39  SCV x2  
  169  14:45  Marine  
  172  14:48  Marine x4  
  176  14:54  Raven, Medivac x2  
  182  15:04  Command Center  
  182  15:05  Siege Tank  
  182  15:06  Siege Tank  
  169  15:25  Marine  
  169  15:26  Marine  
  169  15:27  Marine x2  
  169  15:28  Marine x3  
  166  15:30  Raven x2  
  166  15:31  SCV x3  
  166  15:32  SCV  
  176  15:40  Siege Tank x2  
  176  15:41  Marine x3  
  185  15:43  SCV x2, Marine x2  
  185  15:44  SCV  
  185  15:45  Marine x2  
  185  15:46  Marine  
  185  15:48  Missile Turret  
  189  15:52  Marine x2  
  189  15:55  Raven  
  179  15:58  Marine  
  179  15:59  Marine  
  179  16:02  Marine x3  
  179  16:03  Marine x2  
  179  16:04  Marine  
  187  16:05  Medivac  
  187  16:09  Marine  
  187  16:10  Marine, Planetary Fortress  
  191  16:12  Unknown, SCV  
  191  16:13  Raven  
  191  16:16  Marine  
  191  16:18  Siege Tank  
  198  16:28  Marine  
  198  16:29  Marine  
  190  16:44  Marine x2  
  190  16:45  Raven x2  
  191  16:47  Marine x2  
  191  16:49  Medivac x2  
  191  16:50  Marine x3  
  191  16:51  Marine  
  200  17:03  Marine x2  
  193  17:20  Marine  
  193  17:22  Siege Tank x2  
  193  17:24  Marine x2  
  193  17:25  Marine x6  
  193  17:26  Marine  
  186  17:35  Raven x2  
  173  17:38  Marine  
  173  17:42  Marine x8  
  176  17:44  Marine  
  176  17:49  Raven  
  179  17:56  Marine  
  179  17:57  Siege Tank  
  185  18:00  Marine x8  
  185  18:02  Marine  
  182  18:13  Marine  
  182  18:18  Marine x8  
  182  18:19  SCV x3  
  191  18:20  Marine  
  186  18:31  Marine  
  187  18:35  SCV x3, Marine  
  187  18:36  Marine x4, Orbital Command  
  187  18:38  Raven  
  198  18:41  SCV  
  198  18:47  SCV  
  198  18:52  SCV x2  
  198  18:53  SCV  
  195  19:02  Marine x4  
  185  19:03  Raven  
  185  19:06  Marine x2  
  185  19:09  Marine x4  
  195  19:11  SCV  
  195  19:16  Siege Tank  
  199  19:20  Liberator, Marine  
  195  19:24  Siege Tank  
  195  19:28  Marine x3  
  197  19:40  Marine  
  197  19:41  Marine x3  
  200  19:50  Marine x3  
  200  20:07  Command Center  

Tags
 
Add a new tag
Caveats
  • Supply blocks, unpowered buildings, or Contaminate may cause inaccurate times.
  • Supply counts are checked every 10 seconds.